AoeStats
← Michi3052

Arena

505036065Analyzed
1v1 RM · 26d ago on Sep 7, 2026· 50m 5s· 2 players
Game mode
Random Map
Map size
Tiny (2 player)
Population
200
Speed
Normal
Resources
Standard
Victory
Conquest
Starting age
Dark Age
Ending age
Imperial Age
RankedLock teamsTeams togetherTeam positionsShared explorationLock speedFull tech treeHidden civsTurbo modeCheats
Victory
Defeat
🇹🇷 Aztecs · Türkiye
678
+16
🇪🇸 Turks · Spain
674
-16
Michi3052
12:03 Feudal Age
13:48 Double-Bit Axe
19:52 Castle Age
19:36 Horse Collar
27:00 Imperial Age
24:58 Bow Saw
24:47 Gold Mining
26:45 Fletching
26:56 Padded Archer Armor
29:00 Wheelbarrow
29:53 Loom
31:03 Gold Shaft Mining
30:46 Stone Mining
30:48 Town Watch
32:04 Leather Archer Armor
35:15 Bodkin Arrow
39:22 Conscription
39:28 Artillery
39:56 Heavy Plow
40:42 Bloodlines
40:33 Husbandry
44:02 Scale Barding Armor
44:51 Hand Cart
45:06 Ballistics
GREEN
10:48 Feudal Age
16:46 Castle Age
14:57 Double-Bit Axe
15:13 Horse Collar
16:21 Gold Mining
16:47 Fletching
17:04 Padded Archer Armor
18:56 Sanctity
20:14 Pikeman
27:13 Redemption
30:04 Elite Skirmisher
33:35 Imperial Age
31:42 Bodkin Arrow
32:02 Leather Archer Armor
34:44 Block Printing
34:59 Illumination
35:56 Theocracy
35:52 Bow Saw
36:55 Bracer
37:48 Wheelbarrow
37:31 Heavy Plow
39:07 Atlatl
40:38 Gold Shaft Mining
41:53 Chemistry
44:43 Fervor
44:42 Atonement
45:56 Squires
45:42 Gambesons
48:23 Forging
48:13 Scale Mail Armor
49:39 Iron Casting
Connection lost

Rejoining the realm…

Still unreachable

The connection could not be restored.

Session expired

The server has moved on; the page needs a fresh start.